Calgary Flames vs Minnesota North Stars
(R1)
Created - Sunday, April 20, 2025 at 08:48
Goals
|
| Calgary Flames |
1 |
1 |
1 |
3 |
| Minnesota North Stars |
1 |
0 |
0 |
1 |
|
Shots
|
| Calgary Flames |
12 |
13 |
12 |
37 |
| Minnesota North Stars |
12 |
20 |
14 |
46 |
|
1st period
1. Minnesota North Stars , Frank Vatrano 24 (Valeri Nichushkin 37, Evgeni Malkin 22) at 4:55
2. Calgary Flames , Zach Hyman 23 (Sebastian Aho 43, Jeremy Lauzon 12) at 15:07 (PP)
Penalties :
Jake Middleton (CGY) for Hooking (Minor) at 2:54, Jake Middleton (CGY) for Hooking (Minor) at 8:31, Frank Vatrano (MNS) for Roughing (Minor) at 14:36
2nd period
3. Calgary Flames , Oliver Bjorkstrand 7 (Pavel Zacha 18, Bo Horvat 12) at 17:49
Penalties :
No Penalty
3rd period
4. Calgary Flames , Drew Doughty 4 (Pavel Zacha 19, Sebastian Aho 44) at 6:44 (PP)
Penalties :
Bo Horvat (CGY) for Tripping (Minor) at 0:22, Evgeni Malkin (MNS) for Holding (Minor) at 6:05, Jake Middleton (CGY) for Hooking (Minor) at 9:00, Bo Horvat (CGY) for High sticking (Minor) at 15:18
Goalie Stats
Ilya Sorokin (CGY), 45 saves from 46 shots - (0.978), W, 32-16-3, 60:00 minutes
Charlie Lindgren (MNS), 34 saves from 37 shots - (0.919), L, 17-8-1, 60:00 minutes
Players Stats for Calgary Flames
Player Name G A P +/- PIM S H SB GA TA FO MP PP MP PK MP
------------------------------------------------------------------------------------
Bo Horvat 0 1 1 1 4 1 2 1 1 0 6/17 12:26 0:00 0:00
Cale Makar 0 0 0 1 0 4 1 2 0 2 0/0 23:05 0:54 4:49
Chris Kreider 0 0 0 0 0 5 0 0 0 1 0/1 20:33 0:41 5:02
Drew Doughty 1 0 1 1 0 3 3 0 0 0 0/0 23:05 0:54 4:49
Filip Hronek 0 0 0 0 0 1 0 2 0 1 0/0 14:24 0:00 0:00
J.T. Miller 0 0 0 0 0 0 0 0 0 0 12/25 20:33 0:41 5:02
Jake Middleton 0 0 0 -1 6 2 0 0 1 0 0/0 14:56 0:00 0:00
Jeremy Lauzon 0 1 1 -1 0 1 3 3 0 2 0/0 22:31 0:16 5:06
Joel Eriksson Ek 0 0 0 -1 0 4 2 0 0 0 0/3 18:47 0:00 4:53
Kris Letang 0 0 0 -1 0 1 0 1 1 0 0/0 22:31 0:16 5:06
Mathieu Joseph 0 0 0 0 0 2 0 0 0 0 0/0 7:54 0:00 0:00
Matthew Tkachuk 0 0 0 0 0 2 1 0 0 0 0/0 14:47 0:41 0:00
Nic Dowd 0 0 0 0 0 0 0 0 0 1 0/0 8:07 0:00 0:00
Nicholas Paul 0 0 0 0 0 2 1 0 1 0 3/5 8:07 0:00 0:00
Oliver Bjorkstrand 1 0 1 1 0 3 2 1 0 0 1/2 12:04 0:00 0:00
Pavel Zacha 0 2 2 1 0 2 1 1 0 1 0/1 12:33 0:29 0:00
Sebastian Aho 0 2 2 -1 0 3 1 1 0 0 10/19 19:16 0:29 4:53
Zach Hyman 1 0 1 0 0 1 0 1 2 0 0/0 14:21 0:29 0:00
Players Stats for Minnesota North Stars
Player Name G A P +/- PIM S H SB GA TA FO MP PP MP PK MP
------------------------------------------------------------------------------------
Alexander Kerfoot 0 0 0 0 0 1 1 1 0 0 1/2 13:27 0:00 0:40
Brock Nelson 0 0 0 -1 0 2 0 0 1 0 9/20 13:48 0:00 0:00
Dylan DeMelo 0 0 0 0 0 0 0 1 0 1 0/0 17:08 0:00 0:42
Erik Cernak 0 0 0 -1 0 0 1 2 0 1 0/0 16:56 0:00 0:42
Evan Rodrigues 0 0 0 0 0 3 0 0 0 0 3/5 8:30 0:00 0:00
Evgeni Malkin 0 1 1 1 2 5 1 0 2 0 10/16 18:08 5:11 0:00
Frank Vatrano 1 0 1 1 2 3 1 0 0 0 2/2 19:04 5:11 0:00
Gustav Forsling 0 0 0 1 0 1 2 0 0 3 0/0 21:13 4:53 0:28
Ivan Barbashev 0 0 0 0 0 2 0 0 0 0 1/1 8:30 0:00 0:00
Jack Hughes 0 0 0 0 0 6 0 0 0 0 0/1 17:27 4:44 0:00
Jonas Brodin 0 0 0 0 0 2 0 5 0 0 0/0 22:19 5:02 0:28
Jonathan Marchessault 0 0 0 -1 0 3 0 1 2 0 1/3 18:37 4:44 0:00
Lawson Crouse 0 0 0 0 0 1 0 0 0 0 0/1 9:00 0:00 0:30
Neal Pionk 0 0 0 1 0 4 3 0 0 0 0/0 20:45 4:53 0:00
Rasmus Dahlin 0 0 0 -1 0 0 1 0 0 0 0/0 21:39 5:02 0:00
Ryan Nugent-Hopkins 0 0 0 -1 0 4 0 1 2 0 1/1 14:28 0:00 0:40
Valeri Nichushkin 0 1 1 1 0 4 2 0 1 1 0/1 19:05 5:11 0:00
William Karlsson 0 0 0 0 0 5 0 1 0 0 13/20 18:44 4:44 0:30
3 Stars
1 - Ilya Sorokin (CGY)
2 - Drew Doughty (CGY)
3 - Oliver Bjorkstrand (CGY)
Power Play
Calgary Flames - 2 on 2 Attempt(s) - 100.00%
Minnesota North Stars - 0 on 5 Attempt(s) - 0.00%
Penalty Kill
Calgary Flames - 5 on 5 Attempt(s) - 100.00%
- Score 0 goal in Penalty Kill
Minnesota North Stars - 0 on 2 Attempt(s) - 0.00%
- Score 0 goal in Penalty Kill
Team Stat
Calgary Flames - Hits : 17 - Faceoff Wins : 32 - Blocked Shots : 13 - Penalty Minutes : 10
Minnesota North Stars - Hits : 12 - Faceoff Wins : 41 - Blocked Shots : 12 - Penalty Minutes : 4
Official
Referees : Kelly Sutherland and Garrett Rank
Linesman : Ryan Gibbons and Kiel Murchison
Game Notes
No Game Note
Finance
Level 1 -- Attendance: 4915 (81.92%) -- Ticket Income $491,500
Level 2 -- Attendance: 3731 (74.62%) -- Ticket Income $223,860
Level 3 -- Attendance: 2657 (88.57%) -- Ticket Income $92,995
Level 4 -- Attendance: 3681 (73.62%) -- Ticket Income $92,025
Luxury Box -- Attendance: 762 (76.20%) -- Ticket Income $152,400
Game was played at the Met Center.
Total Attendance: 15746 (78.73%)
Total Ticket Income: $1,052,780
Other Income: $368,473
Total Income: $1,421,253
Calgary Flames
5 vs 5 Forward
Center Left Wing Right Wing Time % Phy DF OF
1 J.T. Miller Chris Kreider Matthew Tkachuk 30 0 3 2
2 Sebastian Aho Joel Eriksson Ek Zach Hyman 30 0 3 2
3 Bo Horvat Pavel Zacha Oliver Bjorkstrand 25 0 2 3
4 Nicholas Paul Nic Dowd Mathieu Joseph 15 1 2 2
5 vs 5 Defense
Defense Defense Time % Phy DF OF
1 Drew Doughty Cale Makar 35 0 2 3
2 Kris Letang Jeremy Lauzon 35 0 2 3
3 Filip Hronek Jake Middleton 30 1 2 2
4 Drew Doughty Cale Makar 0 1 2 2
PowerPlay Forward
Center Left Wing Right Wing Time % Phy DF OF
1 J.T. Miller Chris Kreider Matthew Tkachuk 50 1 2 2
2 Sebastian Aho Pavel Zacha Zach Hyman 50 1 2 2
PowerPlay Defense
Defense Defense Time % Phy DF OF
1 Drew Doughty Cale Makar 50 1 2 2
2 Kris Letang Jeremy Lauzon 50 1 2 2
Penalty Kill 4 Players Forward
Center Wing Time % Phy DF OF
1 J.T. Miller Chris Kreider 50 1 2 2
2 Sebastian Aho Joel Eriksson Ek 50 1 2 2
Penalty Kill 4 Players Defense
Defense Defense Time % Phy DF OF
1 Drew Doughty Cale Makar 50 1 2 2
2 Kris Letang Jeremy Lauzon 50 1 2 2
Penalty Kill - 3 Players Forward
Forward Time % Phy DF OF
1 J.T. Miller 50 1 2 2
2 Chris Kreider 50 1 2 2
Penalty Kill - 3 Players Defense
Defense Defense Time % Phy DF OF
1 Drew Doughty Cale Makar 50 1 2 2
2 Kris Letang Jeremy Lauzon 50 1 2 2
4 vs 4 Forward
Center Wing Time % Phy DF OF
1 J.T. Miller Chris Kreider 50 1 2 2
2 Sebastian Aho Joel Eriksson Ek 50 1 2 2
4 vs 4 Defense
Defense Defense Time % Phy DF OF
1 Drew Doughty Cale Makar 50 1 2 2
2 Kris Letang Jeremy Lauzon 50 1 2 2
Last Minutes Offensive
Center Left Wing Right Wing Defense Defense
J.T. Miller Chris Kreider Matthew Tkachuk Drew Doughty Cale Makar
Last Minutes Defensive
Center Left Wing Right Wing Defense Defense
J.T. Miller Chris Kreider Matthew Tkachuk Drew Doughty Cale Makar
Goaltenders
Starting : Ilya Sorokin
Backup : Samuel Montembeault
Extra Forwards
Normal : Nic Dowd, Bo Horvat, Nicholas Paul - PP : Nic Dowd, Bo Horvat - PK : Nicholas Paul
Extra Defensemen
Normal : Filip Hronek, Jake Middleton, Kris Letang - PP : Filip Hronek - PK : Jake Middleton, Kris Letang
Penalty Shots
J.T. Miller, Chris Kreider, Sebastian Aho, Joel Eriksson Ek, Bo Horvat
Scratches
None
Minnesota North Stars
5 vs 5 Forward
Center Left Wing Right Wing Time % Phy DF OF
1 William Karlsson Valeri Nichushkin Frank Vatrano 29 0 2 3
2 Evgeni Malkin Jack Hughes Alexander Kerfoot 28 0 2 3
3 Brock Nelson Ryan Nugent-Hopkins Jonathan Marchessault 28 0 2 3
4 Evan Rodrigues Lawson Crouse Ivan Barbashev 15 0 2 3
5 vs 5 Defense
Defense Defense Time % Phy DF OF
1 Rasmus Dahlin Erik Cernak 34 0 3 2
2 Gustav Forsling Neal Pionk 33 0 3 2
3 Jonas Brodin Dylan DeMelo 33 0 3 2
4 Rasmus Dahlin Neal Pionk 0 1 2 2
PowerPlay Forward
Center Left Wing Right Wing Time % Phy DF OF
1 Evgeni Malkin Valeri Nichushkin Frank Vatrano 50 0 0 5
2 William Karlsson Jack Hughes Jonathan Marchessault 50 0 0 5
PowerPlay Defense
Defense Defense Time % Phy DF OF
1 Rasmus Dahlin Jonas Brodin 50 0 2 3
2 Gustav Forsling Neal Pionk 50 0 2 3
Penalty Kill 4 Players Forward
Center Wing Time % Phy DF OF
1 William Karlsson Lawson Crouse 50 0 5 0
2 Alexander Kerfoot Ryan Nugent-Hopkins 50 0 5 0
Penalty Kill 4 Players Defense
Defense Defense Time % Phy DF OF
1 Erik Cernak Dylan DeMelo 50 0 5 0
2 Jonas Brodin Gustav Forsling 50 0 5 0
Penalty Kill - 3 Players Forward
Forward Time % Phy DF OF
1 William Karlsson 50 0 5 0
2 Alexander Kerfoot 50 0 5 0
Penalty Kill - 3 Players Defense
Defense Defense Time % Phy DF OF
1 Erik Cernak Dylan DeMelo 50 0 5 0
2 Jonas Brodin Gustav Forsling 50 0 5 0
4 vs 4 Forward
Center Wing Time % Phy DF OF
1 William Karlsson Valeri Nichushkin 50 0 2 3
2 Evgeni Malkin Jack Hughes 50 0 1 4
4 vs 4 Defense
Defense Defense Time % Phy DF OF
1 Rasmus Dahlin Jonas Brodin 50 1 2 2
2 Gustav Forsling Neal Pionk 50 0 3 2
Last Minutes Offensive
Center Left Wing Right Wing Defense Defense
William Karlsson Valeri Nichushkin Frank Vatrano Rasmus Dahlin Neal Pionk
Last Minutes Defensive
Center Left Wing Right Wing Defense Defense
William Karlsson Lawson Crouse Frank Vatrano Erik Cernak Gustav Forsling
Goaltenders
Starting : Charlie Lindgren
Backup : Logan Thompson
Extra Forwards
Normal : Brock Nelson, Ryan Nugent-Hopkins, Alexander Kerfoot - PP : Brock Nelson, Ryan Nugent-Hopkins - PK : Alexander Kerfoot
Extra Defensemen
Normal : Jonas Brodin, Dylan DeMelo, Gustav Forsling - PP : Jonas Brodin - PK : Dylan DeMelo, Gustav Forsling
Penalty Shots
Valeri Nichushkin, William Karlsson, Evgeni Malkin, Jack Hughes, Brock Nelson
Scratches
Michael Rasmussen (Healthy), Cam York (Healthy), Matt Roy (Healthy)
% Time on Ice - Calgary Flames
Lines # - Real PCT - Wanted PCT - Time Play
Normal Forward
1 - 31% - 30% - 15:03
2 - 28% - 30% - 13:54
3 - 25% - 25% - 12:04
4 - 16% - 15% - 7:54
Normal Defense
1 - 36% - 35% - 17:22
2 - 35% - 35% - 17:09
3 - 29% - 30% - 14:24
4 - 0% - 0% - 0:00
PP Forward
1 - 59% - 50% - 0:41
2 - 41% - 50% - 0:29
PP Defense
1 - 77% - 50% - 0:54
2 - 23% - 50% - 0:16
PK Forward
1 - 51% - 50% - 5:02
2 - 49% - 50% - 4:53
PK Defense
1 - 49% - 50% - 4:49
2 - 51% - 50% - 5:06
PK3 Forward
1 - 0% - 50%
2 - 0% - 50%
PK3 Defense
1 - 0% - 50%
2 - 0% - 50%
44 Forward
1 - 0% - 50%
2 - 0% - 50%
44 Defense
1 - 0% - 50%
2 - 0% - 50%
Last Minute Offensive - 0:00
Last Minute Defensive - 0:00
Total
Forward - 60:00
Defense - 60:00
|
% Time on Ice - Minnesota North Stars
Lines # - Real PCT - Wanted PCT - Time Play
Normal Forward
1 - 28% - 29% - 13:54
2 - 26% - 28% - 12:43
3 - 28% - 28% - 13:48
4 - 17% - 15% - 8:30
Normal Defense
1 - 34% - 34% - 16:37
2 - 32% - 33% - 15:52
3 - 34% - 33% - 16:26
4 - 0% - 0% - 0:00
PP Forward
1 - 52% - 50% - 5:11
2 - 48% - 50% - 4:44
PP Defense
1 - 51% - 50% - 5:02
2 - 49% - 50% - 4:53
PK Forward
1 - 43% - 50% - 0:30
2 - 57% - 50% - 0:40
PK Defense
1 - 60% - 50% - 0:42
2 - 40% - 50% - 0:28
PK3 Forward
1 - 0% - 50%
2 - 0% - 50%
PK3 Defense
1 - 0% - 50%
2 - 0% - 50%
44 Forward
1 - 0% - 50%
2 - 0% - 50%
44 Defense
1 - 0% - 50%
2 - 0% - 50%
Last Minute Offensive - 0:00
Last Minute Defensive - 0:00
Total
Forward - 60:00
Defense - 60:00
|
Play-by-Play
1st period
0:01 of 1st period - William Karlsson wins face-off versus J.T. Miller in neutral zone.
0:37 of 1st period - Snap shot by Sebastian Aho.
0:37 of 1st period - Shot Blocked by Erik Cernak.
1:01 of 1st period - Drew Doughty is hit by Gustav Forsling and loses puck.
1:51 of 1st period - Slapshot by Ryan Nugent-Hopkins.
1:51 of 1st period - Shot Misses the Net.
1:53 of 1st period - Snap shot by Gustav Forsling.
1:53 of 1st period - Shot Blocked by Kris Letang.
1:55 of 1st period - Slapshot by Neal Pionk.
1:55 of 1st period - Stopped by Ilya Sorokin with a rebound.
1:57 of 1st period - Slapshot by Ryan Nugent-Hopkins.
1:57 of 1st period - Stopped by Ilya Sorokin with a rebound.
2:35 of 1st period - Snap shot by Ivan Barbashev.
2:35 of 1st period - Stopped by Ilya Sorokin without a rebound.
2:36 of 1st period - Evgeni Malkin wins face-off versus Bo Horvat in Calgary Flames zone.
2:39 of 1st period - Snap shot by Evgeni Malkin.
2:39 of 1st period - Stopped by Ilya Sorokin with a rebound.
2:45 of 1st period - Snap shot by Jack Hughes.
2:45 of 1st period - Shot Misses the Net.
2:47 of 1st period - Slapshot by Erik Cernak.
2:47 of 1st period - Shot Blocked by Bo Horvat.
2:49 of 1st period - Snap shot by Evgeni Malkin.
2:49 of 1st period - Shot Blocked by Pavel Zacha.
2:54 of 1st period - Minor Penalty to Jake Middleton for Hooking.
2:55 of 1st period - J.T. Miller wins face-off versus Evgeni Malkin in Calgary Flames zone.
3:21 of 1st period - Rasmus Dahlin is hit by Joel Eriksson Ek and loses puck.
3:28 of 1st period - Snap shot by Joel Eriksson Ek.
3:28 of 1st period - Shot Misses the Net.
3:30 of 1st period - Snap shot by Drew Doughty.
3:30 of 1st period - Deflect By Jack Hughes.
3:30 of 1st period - Stopped by Charlie Lindgren without a rebound.
3:31 of 1st period - Sebastian Aho wins face-off versus Evgeni Malkin in Minnesota North Stars zone.
3:34 of 1st period - Wrist shot by Joel Eriksson Ek.
3:34 of 1st period - Stopped by Charlie Lindgren without a rebound.
3:35 of 1st period - Frank Vatrano wins face-off versus Sebastian Aho in Minnesota North Stars zone.
3:57 of 1st period - Cale Makar is hit by Gustav Forsling and loses puck.
4:02 of 1st period - Backhand shot by Evgeni Malkin.
4:02 of 1st period - Stopped by Ilya Sorokin with a rebound.
4:04 of 1st period - Wrist shot by Frank Vatrano.
4:04 of 1st period - Stopped by Ilya Sorokin with a rebound.
4:53 of 1st period - Wrist shot by Frank Vatrano.
4:53 of 1st period - Shot Misses the Net.
4:54 of 1st period - Penalty to Jake Middleton is over, Jake Middleton is back on ice.
4:55 of 1st period - Wrist shot by Frank Vatrano.
4:55 of 1st period - Goal by Frank Vatrano - Calgary Flames : 0 - Minnesota North Stars : 1.
4:56 of 1st period - Sebastian Aho wins face-off versus Brock Nelson in neutral zone.
5:01 of 1st period - Wrist shot by Sebastian Aho.
5:01 of 1st period - Stopped by Charlie Lindgren with a rebound.
5:03 of 1st period - Snap shot by Jake Middleton.
5:03 of 1st period - Stopped by Charlie Lindgren with a rebound.
5:31 of 1st period - Slapshot by Brock Nelson.
5:31 of 1st period - Shot Misses the Net.
6:04 of 1st period - Off-side.
6:05 of 1st period - Nicholas Paul wins face-off versus Alexander Kerfoot in neutral zone.
6:08 of 1st period - Evgeni Malkin is hit by Drew Doughty and loses puck.
6:46 of 1st period - Off-side.
6:47 of 1st period - Ivan Barbashev wins face-off versus J.T. Miller in neutral zone.
7:12 of 1st period - Filip Hronek is hit by Alexander Kerfoot and loses puck.
7:27 of 1st period - Snap shot by Matthew Tkachuk.
7:27 of 1st period - Shot Misses the Net.
7:29 of 1st period - Slapshot by Kris Letang.
7:29 of 1st period - Deflect By J.T. Miller.
7:29 of 1st period - Shot Blocked by Jonas Brodin.
7:29 of 1st period - Puck is out of play.
7:30 of 1st period - William Karlsson wins face-off versus Sebastian Aho in Minnesota North Stars zone.
7:30 of 1st period - William Karlsson is hit by Jeremy Lauzon.
7:43 of 1st period - William Karlsson is hit by Jeremy Lauzon and loses puck.
8:06 of 1st period - Slapshot by Evgeni Malkin.
8:06 of 1st period - Shot Blocked by Jeremy Lauzon.
8:08 of 1st period - Slapshot by Gustav Forsling.
8:08 of 1st period - Shot Blocked by Jeremy Lauzon.
8:10 of 1st period - Wrist shot by Alexander Kerfoot.
8:10 of 1st period - Stopped by Ilya Sorokin with a rebound.
8:22 of 1st period - Snap shot by Mathieu Joseph.
8:22 of 1st period - Shot Misses the Net.
8:24 of 1st period - Wrist shot by Kris Letang.
8:24 of 1st period - Stopped by Charlie Lindgren without a rebound.
8:25 of 1st period - Ryan Nugent-Hopkins wins face-off versus Nicholas Paul in Minnesota North Stars zone.
8:31 of 1st period - Minor Penalty to Jake Middleton for Hooking.
8:32 of 1st period - William Karlsson wins face-off versus J.T. Miller in Calgary Flames zone.
8:47 of 1st period - Wrist shot by Sebastian Aho.
8:47 of 1st period - Shot Blocked by Jonas Brodin.
10:31 of 1st period - Penalty to Jake Middleton is over, Jake Middleton is back on ice.
10:45 of 1st period - Slapshot by Cale Makar.
10:45 of 1st period - Deflect By Bo Horvat.
10:45 of 1st period - Shot Misses the Net.
10:45 of 1st period - Puck is out of play.
10:46 of 1st period - Evan Rodrigues wins face-off versus Nicholas Paul in Minnesota North Stars zone.
10:51 of 1st period - Snap shot by Ivan Barbashev.
10:51 of 1st period - Stopped by Ilya Sorokin with a rebound.
10:53 of 1st period - Slapshot by Neal Pionk.
10:53 of 1st period - Stopped by Ilya Sorokin with a rebound.
10:55 of 1st period - Snap shot by Lawson Crouse.
10:55 of 1st period - Deflect By Jake Middleton.
10:55 of 1st period - Stopped by Ilya Sorokin without a rebound.
10:56 of 1st period - Nicholas Paul wins face-off versus Evan Rodrigues in Calgary Flames zone.
11:22 of 1st period - Wrist shot by Mathieu Joseph.
11:22 of 1st period - Stopped by Charlie Lindgren with a rebound.
11:28 of 1st period - Snap shot by Ivan Barbashev.
11:28 of 1st period - Shot Misses the Net.
11:36 of 1st period - Snap shot by Lawson Crouse.
11:36 of 1st period - Shot Blocked by Filip Hronek.
11:38 of 1st period - Snap shot by Lawson Crouse.
11:38 of 1st period - Shot Misses the Net.
11:47 of 1st period - Off-side.
11:48 of 1st period - William Karlsson wins face-off versus Joel Eriksson Ek in neutral zone.
11:57 of 1st period - Snap shot by Frank Vatrano.
11:57 of 1st period - Shot Blocked by Cale Makar.
13:01 of 1st period - Wrist shot by Joel Eriksson Ek.
13:01 of 1st period - Stopped by Charlie Lindgren with a rebound.
13:03 of 1st period - Wrist shot by Sebastian Aho.
13:03 of 1st period - Shot Blocked by William Karlsson.
13:39 of 1st period - Wrist shot by Nicholas Paul.
13:39 of 1st period - Deflect By Chris Kreider.
13:39 of 1st period - Shot Misses the Net.
13:39 of 1st period - Puck is out of play.
13:40 of 1st period - Evan Rodrigues wins face-off versus J.T. Miller in Minnesota North Stars zone.
13:55 of 1st period - Wrist shot by Chris Kreider.
13:55 of 1st period - Shot Misses the Net.
13:57 of 1st period - Slapshot by Filip Hronek.
13:57 of 1st period - Stopped by Charlie Lindgren without a rebound.
13:58 of 1st period - Sebastian Aho wins face-off versus Evgeni Malkin in Minnesota North Stars zone.
14:13 of 1st period - Snap shot by Joel Eriksson Ek.
14:13 of 1st period - Stopped by Charlie Lindgren with a rebound.
14:15 of 1st period - Slapshot by Drew Doughty.
14:15 of 1st period - Deflect By Joel Eriksson Ek.
14:15 of 1st period - Shot Misses the Net.
14:15 of 1st period - Puck is out of play.
14:16 of 1st period - William Karlsson wins face-off versus J.T. Miller in Minnesota North Stars zone.
14:36 of 1st period - Minor Penalty to Frank Vatrano for Roughing.
14:37 of 1st period - William Karlsson wins face-off versus J.T. Miller in Minnesota North Stars zone.
14:51 of 1st period - Slapshot by Cale Makar.
14:51 of 1st period - Deflect By Matthew Tkachuk.
14:51 of 1st period - Stopped by Charlie Lindgren without a rebound.
14:52 of 1st period - Sebastian Aho wins face-off versus William Karlsson in Minnesota North Stars zone.
15:07 of 1st period - Wrist shot by Zach Hyman.
15:07 of 1st period - Goal by Zach Hyman - Calgary Flames : 1 - Minnesota North Stars : 1.
15:08 of 1st period - Sebastian Aho wins face-off versus Jonathan Marchessault in neutral zone.
15:19 of 1st period - Wrist shot by Sebastian Aho.
15:19 of 1st period - Shot Blocked by Jonas Brodin.
15:21 of 1st period - Wrist shot by Zach Hyman.
15:21 of 1st period - Deflect By Joel Eriksson Ek.
15:21 of 1st period - Shot Blocked by Jonas Brodin.
15:21 of 1st period - Puck is out of play.
15:22 of 1st period - Evgeni Malkin wins face-off versus Bo Horvat in Minnesota North Stars zone.
15:22 of 1st period - Evgeni Malkin is hit by Oliver Bjorkstrand.
16:10 of 1st period - Slapshot by Valeri Nichushkin.
16:10 of 1st period - Deflect By William Karlsson.
16:10 of 1st period - Shot Hit the Post.
16:10 of 1st period - Puck is out of play.
16:11 of 1st period - William Karlsson wins face-off versus J.T. Miller in Calgary Flames zone.
17:09 of 1st period - Ryan Nugent-Hopkins is hit by Drew Doughty and loses puck.
17:34 of 1st period - Slapshot by Cale Makar.
17:34 of 1st period - Deflect By Gustav Forsling.
17:34 of 1st period - Stopped by Charlie Lindgren with a rebound.
19:33 of 1st period - Wrist shot by Evan Rodrigues.
19:33 of 1st period - Stopped by Ilya Sorokin without a rebound.
19:34 of 1st period - Evgeni Malkin wins face-off versus Sebastian Aho in Calgary Flames zone.
Goals for this period are 1 for Calgary Flames vs 1 for Minnesota North Stars.
Shots for this period are 12 for Calgary Flames vs 12 for Minnesota North Stars.
2nd period
0:01 of 2nd period - Sebastian Aho wins face-off versus Valeri Nichushkin in neutral zone.
0:16 of 2nd period - Wrist shot by William Karlsson.
0:16 of 2nd period - Stopped by Ilya Sorokin without a rebound.
0:17 of 2nd period - Brock Nelson wins face-off versus Pavel Zacha in Calgary Flames zone.
0:26 of 2nd period - Wrist shot by Oliver Bjorkstrand.
0:26 of 2nd period - Stopped by Charlie Lindgren with a rebound.
0:28 of 2nd period - Slapshot by Drew Doughty.
0:28 of 2nd period - Stopped by Charlie Lindgren with a rebound.
0:30 of 2nd period - Snap shot by Drew Doughty.
0:30 of 2nd period - Shot Blocked by Dylan DeMelo.
0:32 of 2nd period - Slapshot by Drew Doughty.
0:32 of 2nd period - Shot Blocked by Jonas Brodin.
0:48 of 2nd period - Snap shot by Chris Kreider.
0:48 of 2nd period - Shot Misses the Net.
0:50 of 2nd period - Snap shot by J.T. Miller.
0:50 of 2nd period - Shot Misses the Net.
0:52 of 2nd period - Slapshot by Cale Makar.
0:52 of 2nd period - Stopped by Charlie Lindgren without a rebound.
0:53 of 2nd period - William Karlsson wins face-off versus Joel Eriksson Ek in Minnesota North Stars zone.
1:00 of 2nd period - Snap shot by Valeri Nichushkin.
1:00 of 2nd period - Stopped by Ilya Sorokin with a rebound.
1:04 of 2nd period - Wrist shot by William Karlsson.
1:04 of 2nd period - Stopped by Ilya Sorokin with a rebound.
1:17 of 2nd period - Icing by Kris Letang.
1:18 of 2nd period - Evgeni Malkin wins face-off versus Bo Horvat in Calgary Flames zone.
1:19 of 2nd period - Slapshot by Jack Hughes.
1:19 of 2nd period - Shot Blocked by Oliver Bjorkstrand.
1:35 of 2nd period - Backhand shot by Bo Horvat.
1:35 of 2nd period - Stopped by Charlie Lindgren with a rebound.
2:07 of 2nd period - Off-side.
2:08 of 2nd period - William Karlsson wins face-off versus Sebastian Aho in neutral zone.
2:18 of 2nd period - Snap shot by Frank Vatrano.
2:18 of 2nd period - Stopped by Ilya Sorokin without a rebound.
2:19 of 2nd period - J.T. Miller wins face-off versus Brock Nelson in Calgary Flames zone.
2:19 of 2nd period - J.T. Miller is hit by Rasmus Dahlin.
3:05 of 2nd period - Zach Hyman is hit by Frank Vatrano and loses puck.
3:10 of 2nd period - Wrist shot by Valeri Nichushkin.
3:10 of 2nd period - Stopped by Ilya Sorokin with a rebound.
3:12 of 2nd period - Snap shot by Valeri Nichushkin.
3:12 of 2nd period - Shot Blocked by Filip Hronek.
3:14 of 2nd period - Wrist shot by Frank Vatrano.
3:14 of 2nd period - Shot Blocked by Zach Hyman.
3:16 of 2nd period - Slapshot by William Karlsson.
3:16 of 2nd period - Stopped by Ilya Sorokin without a rebound.
3:17 of 2nd period - Evgeni Malkin wins face-off versus Bo Horvat in Calgary Flames zone.
3:22 of 2nd period - Slapshot by Jack Hughes.
3:22 of 2nd period - Stopped by Ilya Sorokin without a rebound.
3:23 of 2nd period - Alexander Kerfoot wins face-off versus Bo Horvat in Calgary Flames zone.
3:26 of 2nd period - Wrist shot by Evgeni Malkin.
3:26 of 2nd period - Shot Blocked by Cale Makar.
3:28 of 2nd period - Slapshot by Dylan DeMelo.
3:28 of 2nd period - Shot Misses the Net.
4:40 of 2nd period - Wrist shot by Jonathan Marchessault.
4:40 of 2nd period - Shot Misses the Net.
5:45 of 2nd period - Jonathan Marchessault is hit by Nicholas Paul and loses puck.
5:56 of 2nd period - Jack Hughes is hit by Bo Horvat and loses puck.
6:33 of 2nd period - Wrist shot by Evan Rodrigues.
6:33 of 2nd period - Stopped by Ilya Sorokin with a rebound.
6:35 of 2nd period - Slapshot by Neal Pionk.
6:35 of 2nd period - Stopped by Ilya Sorokin with a rebound.
7:12 of 2nd period - Dylan DeMelo is hit by Jeremy Lauzon.
8:08 of 2nd period - Slapshot by Nicholas Paul.
8:08 of 2nd period - Deflect By Gustav Forsling.
8:08 of 2nd period - Stopped by Charlie Lindgren with a rebound.
9:08 of 2nd period - Drew Doughty is hit by Erik Cernak and loses puck.
9:52 of 2nd period - Snap shot by Jonathan Marchessault.
9:52 of 2nd period - Stopped by Ilya Sorokin with a rebound.
10:04 of 2nd period - Wrist shot by Jack Hughes.
10:04 of 2nd period - Stopped by Ilya Sorokin with a rebound.
10:06 of 2nd period - Snap shot by Jonas Brodin.
10:06 of 2nd period - Stopped by Ilya Sorokin without a rebound.
10:07 of 2nd period - J.T. Miller wins face-off versus Evgeni Malkin in Calgary Flames zone.
10:48 of 2nd period - Snap shot by Evgeni Malkin.
10:48 of 2nd period - Stopped by Ilya Sorokin with a rebound.
10:50 of 2nd period - Slapshot by Jonas Brodin.
10:50 of 2nd period - Deflect By Jack Hughes.
10:50 of 2nd period - Stopped by Ilya Sorokin without a rebound.
10:51 of 2nd period - Bo Horvat wins face-off versus William Karlsson in Calgary Flames zone.
11:02 of 2nd period - Slapshot by Frank Vatrano.
11:02 of 2nd period - Shot Misses the Net.
11:08 of 2nd period - Gustav Forsling is hit by Bo Horvat and loses puck.
11:25 of 2nd period - Slapshot by Jonathan Marchessault.
11:25 of 2nd period - Stopped by Ilya Sorokin with a rebound.
11:27 of 2nd period - Snap shot by Ryan Nugent-Hopkins.
11:27 of 2nd period - Stopped by Ilya Sorokin without a rebound.
11:28 of 2nd period - Nicholas Paul wins face-off versus Jonathan Marchessault in Calgary Flames zone.
11:56 of 2nd period - Slapshot by Jake Middleton.
11:56 of 2nd period - Deflect By Frank Vatrano.
11:56 of 2nd period - Stopped by Charlie Lindgren without a rebound.
11:57 of 2nd period - Sebastian Aho wins face-off versus William Karlsson in Minnesota North Stars zone.
12:00 of 2nd period - Snap shot by Joel Eriksson Ek.
12:00 of 2nd period - Shot Misses the Net.
13:06 of 2nd period - Snap shot by William Karlsson.
13:06 of 2nd period - Stopped by Ilya Sorokin with a rebound.
13:08 of 2nd period - Slapshot by Gustav Forsling.
13:08 of 2nd period - Stopped by Ilya Sorokin with a rebound.
13:10 of 2nd period - Slapshot by Gustav Forsling.
13:10 of 2nd period - Shot Misses the Net.
13:12 of 2nd period - Wrist shot by Valeri Nichushkin.
13:12 of 2nd period - Shot Blocked by Jeremy Lauzon.
14:01 of 2nd period - Zach Hyman is hit by Valeri Nichushkin and loses puck.
14:46 of 2nd period - Wrist shot by Valeri Nichushkin.
14:46 of 2nd period - Shot Blocked by Sebastian Aho.
14:48 of 2nd period - Wrist shot by Valeri Nichushkin.
14:48 of 2nd period - Stopped by Ilya Sorokin without a rebound.
14:49 of 2nd period - J.T. Miller wins face-off versus Jack Hughes in Calgary Flames zone.
14:49 of 2nd period - J.T. Miller is hit by Evgeni Malkin.
14:55 of 2nd period - Slapshot by Cale Makar.
14:55 of 2nd period - Stopped by Charlie Lindgren with a rebound.
14:57 of 2nd period - Slapshot by Cale Makar.
14:57 of 2nd period - Stopped by Charlie Lindgren without a rebound.
14:58 of 2nd period - J.T. Miller wins face-off versus Evgeni Malkin in Minnesota North Stars zone.
15:03 of 2nd period - Snap shot by Matthew Tkachuk.
15:03 of 2nd period - Stopped by Charlie Lindgren without a rebound.
15:04 of 2nd period - Brock Nelson wins face-off versus Bo Horvat in Minnesota North Stars zone.
15:39 of 2nd period - Snap shot by Chris Kreider.
15:39 of 2nd period - Stopped by Charlie Lindgren without a rebound.
15:40 of 2nd period - Evgeni Malkin wins face-off versus J.T. Miller in Minnesota North Stars zone.
15:49 of 2nd period - Backhand shot by Chris Kreider.
15:49 of 2nd period - Stopped by Charlie Lindgren without a rebound.
15:50 of 2nd period - Brock Nelson wins face-off versus J.T. Miller in Minnesota North Stars zone.
17:05 of 2nd period - Snap shot by Jack Hughes.
17:05 of 2nd period - Shot Misses the Net.
17:37 of 2nd period - Snap shot by Chris Kreider.
17:37 of 2nd period - Stopped by Charlie Lindgren without a rebound.
17:38 of 2nd period - Oliver Bjorkstrand wins face-off versus Brock Nelson in Minnesota North Stars zone.
17:47 of 2nd period - Backhand shot by Pavel Zacha.
17:47 of 2nd period - Shot Misses the Net.
17:49 of 2nd period - Wrist shot by Oliver Bjorkstrand.
17:49 of 2nd period - Goal by Oliver Bjorkstrand - Calgary Flames : 2 - Minnesota North Stars : 1.
17:50 of 2nd period - Bo Horvat wins face-off versus Brock Nelson in neutral zone.
18:03 of 2nd period - Slapshot by Brock Nelson.
18:03 of 2nd period - Stopped by Ilya Sorokin without a rebound.
18:04 of 2nd period - Brock Nelson wins face-off versus Bo Horvat in Calgary Flames zone.
18:15 of 2nd period - Wrist shot by Ryan Nugent-Hopkins.
18:15 of 2nd period - Shot Misses the Net.
18:35 of 2nd period - Slapshot by Cale Makar.
18:35 of 2nd period - Shot Misses the Net.
18:53 of 2nd period - Drew Doughty is hit by Valeri Nichushkin and loses puck.
19:14 of 2nd period - Wrist shot by Oliver Bjorkstrand.
19:14 of 2nd period - Shot Blocked by Alexander Kerfoot.
19:57 of 2nd period - Filip Hronek is hit by Neal Pionk and loses puck.
Goals for this period are 1 for Calgary Flames vs 0 for Minnesota North Stars.
Shots for this period are 13 for Calgary Flames vs 20 for Minnesota North Stars.
3rd period
0:01 of 3rd period - Brock Nelson wins face-off versus Bo Horvat in neutral zone.
0:14 of 3rd period - Snap shot by Brock Nelson.
0:14 of 3rd period - Shot Misses the Net.
0:22 of 3rd period - Minor Penalty to Bo Horvat for Tripping.
0:23 of 3rd period - J.T. Miller wins face-off versus William Karlsson in Calgary Flames zone.
2:09 of 3rd period - Icing by Neal Pionk.
2:10 of 3rd period - William Karlsson wins face-off versus Sebastian Aho in Minnesota North Stars zone.
2:22 of 3rd period - Penalty to Bo Horvat is over, Bo Horvat is back on ice.
2:37 of 3rd period - Snap shot by Nicholas Paul.
2:37 of 3rd period - Deflect By Mathieu Joseph.
2:37 of 3rd period - Shot Misses the Net.
2:37 of 3rd period - Puck is out of play.
2:38 of 3rd period - Bo Horvat wins face-off versus Lawson Crouse in Minnesota North Stars zone.
2:44 of 3rd period - Icing by Rasmus Dahlin.
2:45 of 3rd period - Evan Rodrigues wins face-off versus Bo Horvat in Minnesota North Stars zone.
3:26 of 3rd period - Snap shot by Bo Horvat.
3:26 of 3rd period - Shot Misses the Net.
3:28 of 3rd period - Slapshot by Jeremy Lauzon.
3:28 of 3rd period - Shot Misses the Net.
3:30 of 3rd period - Wrist shot by Oliver Bjorkstrand.
3:30 of 3rd period - Shot Misses the Net.
3:32 of 3rd period - Slapshot by Jeremy Lauzon.
3:32 of 3rd period - Stopped by Charlie Lindgren with a rebound.
3:34 of 3rd period - Slapshot by Pavel Zacha.
3:34 of 3rd period - Stopped by Charlie Lindgren without a rebound.
3:35 of 3rd period - J.T. Miller wins face-off versus Brock Nelson in Minnesota North Stars zone.
4:34 of 3rd period - Off-side.
4:35 of 3rd period - J.T. Miller wins face-off versus Brock Nelson in neutral zone.
4:53 of 3rd period - Jonathan Marchessault is hit by Matthew Tkachuk and loses puck.
5:50 of 3rd period - Slapshot by Sebastian Aho.
5:50 of 3rd period - Stopped by Charlie Lindgren without a rebound.
5:51 of 3rd period - Sebastian Aho wins face-off versus Brock Nelson in Minnesota North Stars zone.
5:52 of 3rd period - Wrist shot by Joel Eriksson Ek.
5:52 of 3rd period - Stopped by Charlie Lindgren without a rebound.
5:53 of 3rd period - Brock Nelson wins face-off versus Joel Eriksson Ek in Minnesota North Stars zone.
6:02 of 3rd period - Wrist shot by Sebastian Aho.
6:02 of 3rd period - Stopped by Charlie Lindgren without a rebound.
6:03 of 3rd period - Evgeni Malkin wins face-off versus J.T. Miller in Minnesota North Stars zone.
6:05 of 3rd period - Minor Penalty to Evgeni Malkin for Holding.
6:06 of 3rd period - J.T. Miller wins face-off versus William Karlsson in Minnesota North Stars zone.
6:06 of 3rd period - Snap shot by Chris Kreider.
6:06 of 3rd period - Stopped by Charlie Lindgren without a rebound.
6:07 of 3rd period - William Karlsson wins face-off versus J.T. Miller in Minnesota North Stars zone.
6:42 of 3rd period - Slapshot by Pavel Zacha.
6:42 of 3rd period - Shot Misses the Net.
6:44 of 3rd period - Slapshot by Drew Doughty.
6:44 of 3rd period - Goal by Drew Doughty - Calgary Flames : 3 - Minnesota North Stars : 1.
6:45 of 3rd period - Brock Nelson wins face-off versus Oliver Bjorkstrand in neutral zone.
6:48 of 3rd period - Wrist shot by Jonathan Marchessault.
6:48 of 3rd period - Deflect By Ryan Nugent-Hopkins.
6:48 of 3rd period - Stopped by Ilya Sorokin with a rebound.
6:51 of 3rd period - Icing by Oliver Bjorkstrand.
6:52 of 3rd period - Bo Horvat wins face-off versus Brock Nelson in Calgary Flames zone.
6:58 of 3rd period - Icing by Dylan DeMelo.
6:59 of 3rd period - J.T. Miller wins face-off versus Brock Nelson in Minnesota North Stars zone.
7:08 of 3rd period - Snap shot by Chris Kreider.
7:08 of 3rd period - Stopped by Charlie Lindgren without a rebound.
7:09 of 3rd period - Evgeni Malkin wins face-off versus J.T. Miller in Minnesota North Stars zone.
7:22 of 3rd period - Wrist shot by Evgeni Malkin.
7:22 of 3rd period - Stopped by Ilya Sorokin with a rebound.
8:02 of 3rd period - William Karlsson is hit by Sebastian Aho and loses puck.
8:45 of 3rd period - Slapshot by Jack Hughes.
8:45 of 3rd period - Stopped by Ilya Sorokin without a rebound.
8:46 of 3rd period - Evgeni Malkin wins face-off versus Chris Kreider in Calgary Flames zone.
8:57 of 3rd period - Backhand shot by Jack Hughes.
8:57 of 3rd period - Stopped by Ilya Sorokin without a rebound.
8:58 of 3rd period - Sebastian Aho wins face-off versus Evgeni Malkin in Calgary Flames zone.
9:00 of 3rd period - Minor Penalty to Jake Middleton for Hooking.
9:01 of 3rd period - J.T. Miller wins face-off versus William Karlsson in Calgary Flames zone.
9:07 of 3rd period - Snap shot by J.T. Miller.
9:07 of 3rd period - Shot Misses the Net.
9:38 of 3rd period - Wrist shot by Evgeni Malkin.
9:38 of 3rd period - Stopped by Ilya Sorokin with a rebound.
9:40 of 3rd period - Wrist shot by Neal Pionk.
9:40 of 3rd period - Stopped by Ilya Sorokin without a rebound.
9:41 of 3rd period - Evgeni Malkin wins face-off versus Sebastian Aho in Calgary Flames zone.
10:18 of 3rd period - Wrist shot by William Karlsson.
10:18 of 3rd period - Stopped by Ilya Sorokin with a rebound.
11:00 of 3rd period - Penalty to Jake Middleton is over, Jake Middleton is back on ice.
11:54 of 3rd period - Snap shot by Nicholas Paul.
11:54 of 3rd period - Stopped by Charlie Lindgren with a rebound.
12:18 of 3rd period - Wrist shot by Kris Letang.
12:18 of 3rd period - Shot Blocked by Erik Cernak.
12:30 of 3rd period - Lawson Crouse is hit by Oliver Bjorkstrand and loses puck.
13:00 of 3rd period - Nicholas Paul is hit by Neal Pionk and loses puck.
13:19 of 3rd period - Wrist shot by Nicholas Paul.
13:19 of 3rd period - Deflect By Mathieu Joseph.
13:19 of 3rd period - Stopped by Charlie Lindgren without a rebound.
13:20 of 3rd period - Brock Nelson wins face-off versus Sebastian Aho in Minnesota North Stars zone.
13:22 of 3rd period - Icing by Jonathan Marchessault.
13:23 of 3rd period - Brock Nelson wins face-off versus Sebastian Aho in Minnesota North Stars zone.
13:36 of 3rd period - Jonas Brodin is hit by Joel Eriksson Ek and loses puck.
13:45 of 3rd period - Wrist shot by Brock Nelson.
13:45 of 3rd period - Shot Hit the Post.
13:47 of 3rd period - Snap shot by Brock Nelson.
13:47 of 3rd period - Stopped by Ilya Sorokin with a rebound.
13:49 of 3rd period - Snap shot by Ryan Nugent-Hopkins.
13:49 of 3rd period - Shot Misses the Net.
14:03 of 3rd period - Wrist shot by Jonathan Marchessault.
14:03 of 3rd period - Deflect By Ryan Nugent-Hopkins.
14:03 of 3rd period - Stopped by Ilya Sorokin with a rebound.
14:05 of 3rd period - Slapshot by Jonas Brodin.
14:05 of 3rd period - Stopped by Ilya Sorokin without a rebound.
14:06 of 3rd period - William Karlsson wins face-off versus Sebastian Aho in Calgary Flames zone.
14:33 of 3rd period - Gustav Forsling is hit by Drew Doughty.
14:37 of 3rd period - Gustav Forsling is hit by Pavel Zacha and loses puck.
14:42 of 3rd period - Backhand shot by Bo Horvat.
14:42 of 3rd period - Shot Misses the Net.
14:44 of 3rd period - Wrist shot by Oliver Bjorkstrand.
14:44 of 3rd period - Stopped by Charlie Lindgren without a rebound.
14:45 of 3rd period - J.T. Miller wins face-off versus Brock Nelson in Minnesota North Stars zone.
15:00 of 3rd period - Off-side.
15:01 of 3rd period - William Karlsson wins face-off versus Bo Horvat in neutral zone.
15:03 of 3rd period - Off-side.
15:04 of 3rd period - Frank Vatrano wins face-off versus Bo Horvat in neutral zone.
15:15 of 3rd period - Wrist shot by Valeri Nichushkin.
15:15 of 3rd period - Stopped by Ilya Sorokin without a rebound.
15:16 of 3rd period - Bo Horvat wins face-off versus Brock Nelson in Calgary Flames zone.
15:18 of 3rd period - Minor Penalty to Bo Horvat for High sticking.
15:19 of 3rd period - Jonathan Marchessault wins face-off versus J.T. Miller in Calgary Flames zone.
15:19 of 3rd period - Wrist shot by Jack Hughes.
15:19 of 3rd period - Stopped by Ilya Sorokin with a rebound.
15:29 of 3rd period - Slapshot by Jonathan Marchessault.
15:29 of 3rd period - Stopped by Ilya Sorokin without a rebound.
15:30 of 3rd period - Sebastian Aho wins face-off versus William Karlsson in Calgary Flames zone.
17:03 of 3rd period - Rasmus Dahlin is hit by Cale Makar and loses puck.
17:18 of 3rd period - Penalty to Bo Horvat is over, Bo Horvat is back on ice.
17:24 of 3rd period - Wrist shot by Evan Rodrigues.
17:24 of 3rd period - Stopped by Ilya Sorokin without a rebound.
17:25 of 3rd period - Bo Horvat wins face-off versus Evan Rodrigues in Calgary Flames zone.
18:08 of 3rd period - Slapshot by Sebastian Aho.
18:08 of 3rd period - Shot Misses the Net.
18:10 of 3rd period - Snap shot by Joel Eriksson Ek.
18:10 of 3rd period - Shot Misses the Net.
18:51 of 3rd period - Slapshot by Cale Makar.
18:51 of 3rd period - Deflect By Pavel Zacha.
18:51 of 3rd period - Stopped by Charlie Lindgren with a rebound.
18:53 of 3rd period - Snap shot by Oliver Bjorkstrand.
18:53 of 3rd period - Shot Misses the Net.
18:59 of 3rd period - Snap shot by Bo Horvat.
18:59 of 3rd period - Shot Blocked by Jonathan Marchessault.
19:01 of 3rd period - Wrist shot by Oliver Bjorkstrand.
19:01 of 3rd period - Shot Misses the Net.
19:03 of 3rd period - Snap shot by Cale Makar.
19:03 of 3rd period - Shot Blocked by Ryan Nugent-Hopkins.
19:40 of 3rd period - Kris Letang is hit by Neal Pionk and loses puck.
Goals for this period are 1 for Calgary Flames vs 0 for Minnesota North Stars.
Shots for this period are 12 for Calgary Flames vs 14 for Minnesota North Stars.
Back to the Top